[Event "Anderssen Festival 2019"]
[Site "Wroclaw"]
[Date "2019.08.06"]
[Round "2.12"]
[White "Wieczorek, Zbigniew"]
[Black "Wang, Ruiming"]
[Result "1/2-1/2"]
[ECO "A05"]
[WhiteElo "2235"]
[BlackElo "1853"]
[Annotator "NA"]
[PlyCount "41"]
[EventDate "2019.08.05"]
[EventType "swiss"]
[EventCountry "POL"]
[SourceTitle "playchess.com"]
[Source "ChessBase"]
[SourceQuality "1"]
[TimeControl "40/5400+30:900+30"]

1. Nf3 Nf6 2. g3 g6 3. Bg2 Bg7 4. c4 O-O 5. Nc3 d6 6. O-O Nc6 7. Rb1 a6 8. d3 e5 9. b4 Nh5 10. a4 f5 11. Nd5 f4 12. b5 Ne7 13. Nxe7+ Qxe7 14. Nd2 axb5 15. axb5 g5 16. Qb3 Kh8 17. Ba3 g4 18. Bd5 Nf6 19. Ne4 Nxd5 20. cxd5 b6 21. Rbc1 1/2-1/2

[Event "Anderssen Festival 2019"]
[Site "Wroclaw"]
[Date "2019.08.06"]
[Round "2.13"]
[White "Krawiec, Grzegorz"]
[Black "Mitchell, Martin"]
[Result "1/2-1/2"]
[ECO "B09"]
[WhiteElo "1816"]
[BlackElo "2218"]
[Annotator "NA"]
[PlyCount "92"]
[EventDate "2019.08.05"]
[EventType "swiss"]
[EventCountry "POL"]
[SourceTitle "playchess.com"]
[Source "ChessBase"]
[SourceQuality "1"]
[TimeControl "40/5400+30:900+30"]

1. e4 d6 2. d4 Nf6 3. Nc3 g6 4. f4 Bg7 5. a3 O-O 6. Nf3 Na6 7. Be3 b6 8. b4 c5 9. Rb1 Ng4 10. Bg1 cxd4 11. Bxd4 e5 12. fxe5 dxe5 13. Bf2 Bb7 14. Bd3 f5 15. O-O Rc8 16. Nd5 fxe4 17. Bxe4 Nxf2 18. Rxf2 Rc4 19. Nf6+ Qxf6 20. Bxb7 Nc7 21. Bd5+ Nxd5 22. Qxd5+ Qf7 23. Rd1 Qxd5 24. Rxd5 e4 25. Ng5 Rxf2 26. Kxf2 Rxc2+ 27. Ke3 Bh6 28. Kxe4 Kf8 29. Nxh7+ Ke7 30. Ng5 Rxg2 31. Nf3 Re2+ 32. Kd4 Bg7+ 33. Kc4 Re3 34. Nd4 Bxd4 35. Rxd4 Rxa3 36. Kb5 Rh3 37. Kc6 Ke6 38. Rd6+ Kf5 39. Rd7 a5 40. b5 Rxh2 41. Kxb6 a4 42. Ra7 Ra2 43. Kc7 a3 44. b6 Rc2+ 45. Kd7 Rb2 46. Kc7 Rc2+ 1/2-1/2

[Event "Anderssen Festival 2019"]
[Site "Wroclaw"]
[Date "2019.08.06"]
[Round "2.14"]
[White "Socha, Kamil"]
[Black "Kareva, Natalia"]
[Result "0-1"]
[ECO "A40"]
[WhiteElo "1741"]
[BlackElo "2135"]
[Annotator "NA"]
[PlyCount "134"]
[EventDate "2019.08.05"]
[EventType "swiss"]
[EventCountry "POL"]
[SourceTitle "playchess.com"]
[Source "ChessBase"]
[SourceQuality "1"]
[TimeControl "40/5400+30:900+30"]

1. d4 e6 2. Nf3 f5 3. g3 b6 4. Bg2 Bb7 5. O-O Nf6 6. b3 Be7 7. Bb2 O-O 8. c4 Qe8 9. Nc3 Ne4 10. Qc2 Nxc3 11. Bxc3 d6 12. c5 dxc5 13. dxc5 Bxc5 14. b4 Bd6 15. Nd4 Bxg2 16. Kxg2 Nc6 17. Rac1 Nxd4 18. Bxd4 Qb5 19. Bc3 Rf7 20. Kg1 Rc8 21. Rfd1 f4 22. Qe4 Re8 23. Rd3 Qa4 24. g4 f3 25. Rxf3 Rxf3 26. Qxf3 Qxa2 27. Ra1 Qc4 28. Rxa7 Rf8 29. Ra8 Bxb4 30. Bxb4 Qxb4 31. Rxf8+ Qxf8 32. Qc6 Qe7 33. h3 Kf7 34. Qf3+ Ke8 35. Qc6+ Qd7 36. Qa8+ Kf7 37. Qf3+ Ke7 38. Qe4 Qd1+ 39. Kh2 Qd6+ 40. Kg1 g6 41. Qc4 Kd7 42. Qc3 c5 43. e3 Kc6 44. Kg2 e5 45. Qa1 Qd5+ 46. Kg3 c4 47. Qa8+ Kc5 48. Qa3+ Kb5 49. Qb2+ Kc6 50. Qa1 e4 51. Qa8+ Kc5 52. Qa3+ Kb5 53. Qb2+ Kc6 54. Kg2 b5 55. Qa3 Kb6 56. Qb2 Qd6 57. Qc2 Qe5 58. Qd2 c3 59. Qd8+ Qc7 60. Qd4+ Ka5 61. Qd1 b4 62. Qd5+ Ka4 63. Qa2+ Kb5 64. Qd5+ Qc5 65. Qb7+ Ka4 66. Qd7+ Ka3 67. Qd1 b3 0-1

[Event "Anderssen Festival 2019"]
[Site "Wroclaw"]
[Date "2019.08.06"]
[Round "2.15"]
[White "Zgadzaj, Rafal"]
[Black "Zerebiec, Maurycy"]
[Result "1-0"]
[ECO "A02"]
[WhiteElo "2133"]
[BlackElo "1708"]
[Annotator "NA"]
[PlyCount "85"]
[EventDate "2019.08.05"]
[EventType "swiss"]
[EventCountry "POL"]
[SourceTitle "playchess.com"]
[Source "ChessBase"]
[SourceQuality "1"]
[TimeControl "40/5400+30:900+30"]

1. f4 e6 2. Nf3 d5 3. g3 g6 4. Bg2 Bg7 5. c3 f5 6. O-O Nf6 7. d3 b6 8. a4 a5 9. Na3 O-O 10. Qc2 Bb7 11. Bd2 c5 12. Nb5 Na6 13. Rae1 h6 14. Bc1 Nc7 15. Ne5 Kh7 16. Na3 Nce8 17. e4 dxe4 18. dxe4 Nxe4 19. Rd1 Qc8 20. Nd7 Qc6 21. Nxf8+ Bxf8 22. Nc4 N8f6 23. Qb3 Ba6 24. Rfe1 b5 25. axb5 Bxb5 26. Ne5 c4 27. Nxc6 cxb3 28. Nd4 Bc5 29. Bf1 Bxf1 30. Kxf1 Bxd4 31. Rxd4 a4 32. Rb4 Nd5 33. Rb7+ Kg8 34. c4 Ndf6 35. Rd1 Kf8 36. Be3 Ng4 37. Bg1 Ngf6 38. Bd4 Ng4 39. h3 Ngf6 40. Kg2 Nh5 41. Be5 Kg8 42. Rdd7 Nc5 43. Rh7 1-0

[Event "Anderssen Festival 2019"]
[Site "Wroclaw"]
[Date "2019.08.06"]
[Round "2.16"]
[White "Skiba, Krzysztof"]
[Black "Gorny, Michael"]
[Result "1-0"]
[ECO "A45"]
[WhiteElo "1722"]
[BlackElo "2067"]
[Annotator "NA"]
[PlyCount "125"]
[EventDate "2019.08.05"]
[EventType "swiss"]
[EventCountry "POL"]
[SourceTitle "playchess.com"]
[Source "ChessBase"]
[SourceQuality "1"]
[TimeControl "40/5400+30:900+30"]

1. d4 Nf6 2. e3 g6 3. Bd3 Bg7 4. f4 c5 5. c3 d6 6. Nf3 O-O 7. O-O Nc6 8. Nbd2 cxd4 9. exd4 e5 10. fxe5 dxe5 11. Nxe5 Nxe5 12. dxe5 Ng4 13. Ne4 Nxe5 14. Bc2 Qb6+ 15. Kh1 Be6 16. b3 Rad8 17. Qe1 Bf5 18. Ba3 Rfe8 19. Qh4 h6 20. Be7 Rxe7 21. Qxe7 Ng4 22. Rae1 Bxe4 23. Qxf7+ Kh7 24. Bxe4 Rf8 25. Qxg6+ Qxg6 26. Bxg6+ Kxg6 27. Rxf8 Bxf8 28. h3 Nf6 29. g4 a5 30. Re6 Bc5 31. b4 axb4 32. cxb4 Bxb4 33. Rb6 Bd2 34. Rxb7 Ne4 35. Kg2 Kf6 36. Kf3 Nd6 37. Rb6 Ke5 38. Ke2 Bg5 39. Kf3 Kd5 40. Rb8 Kc6 41. Rh8 Nb5 42. h4 Bd2 43. Ke2 Bf4 44. Kd3 Kb6 45. Rg8 Kc6 46. g5 hxg5 47. hxg5 Nc7 48. g6 Be5 49. Ke4 Bb2 50. g7 Bf6 51. Kf5 Bc3 52. Kg6 Bd4 53. Rc8 Bxg7 54. Kxg7 Kb7 55. Rh8 Kb6 56. Rb8+ Ka5 57. Rc8 Nb5 58. Kf6 Kb4 59. Ke5 Nc3 60. Ra8 Nb5 61. Rb8 Ka4 62. Kd5 Kb4 63. Kc6 1-0

[Event "Anderssen Festival 2019"]
[Site "Wroclaw"]
[Date "2019.08.06"]
[Round "2.17"]
[White "Malecki, Rafal"]
[Black "Seredyn, Dominik"]
[Result "1/2-1/2"]
[ECO "A06"]
[WhiteElo "2063"]
[BlackElo "1737"]
[Annotator "NA"]
[PlyCount "100"]
[EventDate "2019.08.05"]
[EventType "swiss"]
[EventCountry "POL"]
[SourceTitle "playchess.com"]
[Source "ChessBase"]
[SourceQuality "1"]
[TimeControl "40/5400+30:900+30"]

1. Nf3 d5 2. g3 Nf6 3. Bg2 e6 4. O-O Be7 5. d3 b6 6. Nbd2 Bb7 7. e4 dxe4 8. Ng5 O-O 9. Ndxe4 Nxe4 10. Nxe4 Qc8 11. Re1 Nd7 12. b3 f5 13. Ng5 Bxg2 14. Kxg2 Bxg5 15. Bxg5 e5 16. Qf3 Qe8 17. Qc6 Rc8 18. a4 a5 19. Re2 Qh5 20. Rae1 f4 21. f3 e4 22. gxf4 Qxf3+ 23. Kg1 Nf6 24. Rg2 Kh8 25. Rg3 Qh5 26. Bxf6 Rxf6 27. Qxe4 Rcf8 28. Qe5 Qf7 29. Re4 Rf5 30. Qd4 Rd5 31. Qc3 Rc5 32. Qb2 Rf5 33. c4 c5 34. Rg4 h5 35. Rg3 Kh7 36. Qe2 Kh6 37. Re6+ Rf6 38. Re7 Qg8 39. Rg5 g6 40. Ree5 Rxf4 41. Qe3 Rf1+ 42. Kg2 R8f2+ 43. Qxf2 Rxf2+ 44. Kxf2 Qf8+ 45. Kg3 Qd6 46. h4 Qxd3+ 47. Kh2 Qxb3 48. Re6 Qc2+ 49. Rg2 Qf5 50. Rgxg6+ Qxg6 1/2-1/2

[Event "Anderssen Festival 2019"]
[Site "Wroclaw"]
[Date "2019.08.06"]
[Round "2.18"]
[White "Pawicka, Magdalena"]
[Black "Verwoert, Jef"]
[Result "0-1"]
[ECO "B36"]
[WhiteElo "1700"]
[BlackElo "2034"]
[Annotator "NA"]
[PlyCount "74"]
[EventDate "2019.08.05"]
[EventType "swiss"]
[EventCountry "POL"]
[SourceTitle "playchess.com"]
[Source "ChessBase"]
[SourceQuality "1"]
[TimeControl "40/5400+30:900+30"]

1. e4 c5 2. Nf3 g6 3. d4 cxd4 4. Nxd4 Nc6 5. c4 Nf6 6. Nc3 d6 7. Be2 Nxd4 8. Qxd4 Bg7 9. Be3 O-O 10. Qd2 a5 11. a4 Be6 12. f3 Rc8 13. Nd5 Nd7 14. O-O Nc5 15. Ra3 Bxd5 16. cxd5 Qb6 17. Bd4 Nxe4 18. Bxb6 Nxd2 19. Rd1 Nc4 20. Bxc4 Rxc4 21. b3 Rc2 22. Bxa5 Bb2 23. Ra2 Bd4+ 24. Rxd4 Rxa2 25. Rc4 b5 26. Rb4 Rc8 27. h3 Rcc2 28. Rxb5 Rxg2+ 29. Kf1 Rgf2+ 30. Ke1 Rh2 31. Rb8+ Kg7 32. Bc3+ f6 33. Kd1 Rh1+ 34. Be1 Ra1+ 35. Kd2 Rhxe1 36. a5 Red1+ 37. Kc2 Rxd5 0-1

[Event "Anderssen Festival 2019"]
[Site "Wroclaw"]
[Date "2019.08.06"]
[Round "2.19"]
[White "Smal, Tobiasz"]
[Black "Dytman, Radoslaw"]
[Result "0-1"]
[ECO "A10"]
[WhiteElo "2027"]
[BlackElo "1745"]
[Annotator "NA"]
[PlyCount "64"]
[EventDate "2019.08.05"]
[EventType "swiss"]
[EventCountry "POL"]
[SourceTitle "playchess.com"]
[Source "ChessBase"]
[SourceQuality "1"]
[TimeControl "40/5400+30:900+30"]

1. c4 d6 2. Nc3 e5 3. g3 g6 4. Bg2 Bg7 5. e3 f5 6. d4 e4 7. Nge2 Be6 8. O-O Nf6 9. b3 O-O 10. d5 Bf7 11. Bb2 Nbd7 12. Nd4 Qe7 13. Nce2 Nh5 14. b4 Ne5 15. Qb3 c6 16. Rfd1 Nd3 17. dxc6 b5 18. Nc1 Bxc4 19. Qa3 Nxb2 20. Qxb2 g5 21. Bf1 Qf7 22. Bxc4 bxc4 23. Nce2 f4 24. exf4 gxf4 25. g4 f3 26. Nc3 Qg6 27. Kh1 Nf4 28. Qd2 Be5 29. Rg1 Nh3 30. Nd5 Qf7 31. Nf5 Kh8 32. Qh6 Nxf2# 0-1

[Event "Anderssen Festival 2019"]
[Site "Wroclaw"]
[Date "2019.08.06"]
[Round "2.20"]
[White "Kurtycz, Maciej"]
[Black "Czyz, Andrzej"]
[Result "1/2-1/2"]
[ECO "B01"]
[WhiteElo "1689"]
[BlackElo "2000"]
[Annotator "NA"]
[PlyCount "128"]
[EventDate "2019.08.05"]
[EventType "swiss"]
[EventCountry "POL"]
[SourceTitle "playchess.com"]
[Source "ChessBase"]
[SourceQuality "1"]
[TimeControl "40/5400+30:900+30"]

1. e4 d5 2. exd5 Nf6 3. Bb5+ Bd7 4. Be2 Nxd5 5. c4 Nf4 6. g3 Nxe2 7. Nxe2 Bc6 8. Rg1 Qd3 9. Qb3 Qxb3 10. axb3 Na6 11. d4 Nb4 12. Kf1 e6 13. Nbc3 a6 14. Be3 O-O-O 15. Rd1 Be7 16. f4 Rd7 17. Kf2 f6 18. Rd2 b6 19. Rgd1 g5 20. f5 exf5 21. d5 Bb7 22. Nd4 f4 23. gxf4 gxf4 24. Bxf4 Bc5 25. Ne4 Bxd4+ 26. Rxd4 Rf8 27. Rg1 f5 28. Ng5 Rg8 29. Ne6 Rg6 30. h4 Rxg1 31. Kxg1 c6 32. d6 c5 33. Rd2 Be4 34. Nf8 Rg7+ 35. Kh2 Bc6 36. Bg5 Bd7 37. Be7 Nc6 38. Nxd7 Kxd7 39. Rd5 Nd4 40. Bf6 Rg4 41. Kh3 Re4 42. Bxd4 cxd4 43. b4 d3 44. c5 bxc5 45. bxc5 Rc4 46. Rxd3 Rxc5 47. Ra3 Rc6 48. Ra5 Rxd6 49. Rxf5 Kc6 50. Kg4 Rd2 51. Rf6+ Kb5 52. Rf7 h6 53. Kh5 Kb6 54. Rf6+ Kb7 55. Kxh6 Rxb2 56. h5 a5 57. Kg7 a4 58. Rf4 a3 59. Ra4 Rg2+ 60. Kf7 a2 61. h6 Rh2 62. Rxa2 Rxa2 63. h7 Rh2 64. Kg7 Rxh7+ 1/2-1/2

[Event "Anderssen Festival 2019"]
[Site "Wroclaw"]
[Date "2019.08.06"]
[Round "3.1"]
[White "Snihur, Piotr"]
[Black "Gutenev, Alexander"]
[Result "1/2-1/2"]
[ECO "D70"]
[WhiteElo "2256"]
[BlackElo "2470"]
[Annotator "ChessBase"]
[PlyCount "195"]
[EventDate "2019.08.05"]
[EventType "swiss"]
[EventCountry "POL"]
[SourceTitle "playchess.com"]
[Source "ChessBase"]
[SourceQuality "1"]
[TimeControl "40/5400+30:900+30"]

1. d4 Nf6 2. c4 g6 3. f3 d5 4. cxd5 Nxd5 5. e4 Nb6 6. Nc3 Bg7 7. Be3 O-O 8. Qd2 e5 9. O-O-O exd4 10. Bxd4 Bxd4 11. Qxd4 Qxd4 12. Rxd4 Nc6 13. Rd1 Be6 14. Nge2 Rfd8 15. Rxd8+ Rxd8 16. Nf4 a6 17. Be2 Nd4 18. Rd1 c5 19. Nxe6 fxe6 20. f4 Kf7 21. Bg4 Nc4 22. Re1 Ke7 23. b3 Na3 24. Kb2 Nac2 25. Rc1 Ne3 26. Bh3 Nc6 27. Na4 c4 28. Nc5 Rd2+ 29. Kc3 Rxa2 30. Nxb7 Nxg2 31. Bxg2 Rxg2 32. Kxc4 Rxh2 33. Kc5 Nb8 34. Kb6 Nd7+ 35. Kxa6 e5 36. fxe5 Nxe5 37. b4 g5 38. b5 g4 39. Na5 g3 40. Rg1 Ra2 41. Rxg3 Nc4 42. Rg7+ Ke6 43. Rxh7 Rxa5+ 44. Kb7 Rxb5+ 45. Kc6 Rg5 46. Ra7 Nd2 47. Ra8 Ke7 48. Ra7+ Kf6 49. Ra4 Re5 50. Rd4 Nxe4 51. Rd3 Ke6 52. Rd4 Nf6 53. Rd6+ Kf5 54. Rd1 Re2 55. Kc5 Re8 56. Rf1+ Ke5 57. Re1+ Ne4+ 58. Kc4 Rc8+ 59. Kb5 Rc2 60. Kb4 Kd4 61. Rd1+ Nd2 62. Kb5 Kd3 63. Kb6 Ke4 64. Rh1 Nf3 65. Rh8 Ne5 66. Rd8 Rc1 67. Kb5 Nc6 68. Rh8 Nd4+ 69. Kb4 Nf5 70. Rd8 Rc7 71. Re8+ Ne7 72. Kb5 Kd4 73. Rd8+ Nd5 74. Rh8 Rc5+ 75. Ka6 Nf6 76. Rh4+ Kd5 77. Rh6 Nd7 78. Rh5+ Ne5 79. Kb6 Rc1 80. Rh2 Nd7+ 81. Kb7 Nf6 82. Rh6 Rc6 83. Rh1 Kd6 84. Rh6 Kd7 85. Rg6 Rd6 86. Rh6 Ke7 87. Rg6 Re6 88. Rh6 Kd6 89. Rg6 Kc5 90. Rg1 Re7+ 91. Ka6 Re6+ 92. Kb7 Rb6+ 93. Kc7 Nd5+ 94. Kd7 Rd6+ 95. Ke8 Rf6 96. Ra1 Kd6 97. Ra6+ Kc7 98. Rxf6 1/2-1/2

[Event "Anderssen Festival 2019"]
[Site "Wroclaw"]
[Date "2019.08.06"]
[Round "3.2"]
[White "Chernyshov, Konstantin"]
[Black "Nowak, Mikolaj"]
[Result "1-0"]
[ECO "E00"]
[WhiteElo "2446"]
[BlackElo "2230"]
[Annotator "NA"]
[PlyCount "69"]
[EventDate "2019.08.05"]
[EventType "swiss"]
[EventCountry "POL"]
[SourceTitle "playchess.com"]
[Source "ChessBase"]
[SourceQuality "1"]
[TimeControl "40/5400+30:900+30"]

1. d4 e6 2. c4 Bb4+ 3. Bd2 Qe7 4. e4 b6 5. Bd3 Bb7 6. a3 Bxd2+ 7. Nxd2 d6 8. Ngf3 e5 9. O-O Nf6 10. c5 dxc5 11. dxc5 Qxc5 12. Rc1 Qe7 13. Nc4 Nbd7 14. Ne3 O-O-O 15. Nf5 Qf8 16. Qc2 c5 17. a4 Ne8 18. a5 g6 19. Ne3 Nd6 20. axb6 axb6 21. b4 Qe7 22. Nd2 f5 23. Nec4 Nxc4 24. Nxc4 Kb8 25. Rfe1 f4 26. Na3 f3 27. Nb5 Bc6 28. Ra1 Nf6 29. Ra6 Qb7 30. Ra7 Qc8 31. Qa4 Rd7 32. Ra1 Bxb5 33. Bxb5 Rhd8 34. Ra8+ Kb7 35. Qa7# 1-0

[Event "Anderssen Festival 2019"]
[Site "Wroclaw"]
[Date "2019.08.06"]
[Round "3.3"]
[White "Kareva, Natalia"]
[Black "Butkiewicz, Lukasz"]
[Result "1/2-1/2"]
[ECO "E01"]
[WhiteElo "2135"]
[BlackElo "2425"]
[Annotator "NA"]
[PlyCount "93"]
[EventDate "2019.08.05"]
[EventType "swiss"]
[EventCountry "POL"]
[SourceTitle "playchess.com"]
[Source "ChessBase"]
[SourceQuality "1"]
[TimeControl "40/5400+30:900+30"]

1. d4 Nf6 2. c4 e6 3. g3 d5 4. Bg2 dxc4 5. Qa4+ Nbd7 6. Nf3 a6 7. Ne5 Be7 8. Nc3 O-O 9. Qxc4 Nxe5 10. dxe5 Nd7 11. f4 Rb8 12. a4 c5 13. Be3 Qc7 14. O-O b6 15. Rfd1 Bb7 16. Be4 Bxe4 17. Nxe4 b5 18. axb5 axb5 19. Qc2 Rfc8 20. Nd6 Bxd6 21. Rxd6 Nf8 22. Qe4 Qb7 23. Qc2 b4 24. Qc4 Ra8 25. Rad1 h6 26. Kf2 Rc7 27. Rd8 Rcc8 28. R8d6 Qc7 29. h4 Ra7 30. h5 Qa5 31. b3 Rb7 32. g4 Qb5 33. Qxb5 Rxb5 34. Rd8 Rbb8 35. Rxc8 Rxc8 36. Rd6 g6 37. Rb6 gxh5 38. gxh5 Rc7 39. Ke1 Nd7 40. Rb5 Ra7 41. Kd2 Ra2+ 42. Kd3 Rb2 43. Rb7 Rxb3+ 44. Ke4 f5+ 45. Kf3 Nf8 46. Kf2 c4 47. Bc5 1/2-1/2

[Event "Anderssen Festival 2019"]
[Site "Wroclaw"]
[Date "2019.08.06"]
[Round "3.4"]
[White "Lalic, Bogdan"]
[Black "Zgadzaj, Rafal"]
[Result "1-0"]
[ECO "E91"]
[WhiteElo "2411"]
[BlackElo "2133"]
[Annotator "NA"]
[PlyCount "72"]
[EventDate "2019.08.05"]
[EventType "swiss"]
[EventCountry "POL"]
[SourceTitle "playchess.com"]
[Source "ChessBase"]
[SourceQuality "1"]
[TimeControl "40/5400+30:900+30"]

1. d4 g6 2. c4 Bg7 3. e4 d6 4. Nc3 Nf6 5. Nf3 O-O 6. Be2 Nbd7 7. O-O e5 8. Be3 Ng4 9. Bg5 f6 10. Bd2 c6 11. d5 Qe7 12. Ne1 Nh6 13. Nd3 f5 14. dxc6 bxc6 15. c5 dxc5 16. Qa4 Rb8 17. Qxa7 c4 18. Nc1 Rxb2 19. Bxc4+ Kh8 20. Nb3 fxe4 21. Nxe4 Qh4 22. f3 Nf5 23. Qa3 Rc2 24. Bd3 Nd4 25. Bg5 Qh5 26. Nxd4 Rxg2+ 27. Kxg2 exd4 28. Be7 Re8 29. Ng3 Qd5 30. Rae1 Ne5 31. Bd6 Bd7 32. Bxe5 Bxe5 33. Qb3 Qd6 34. f4 Bxf4 35. Rxe8+ Bxe8 36. Qb7 g5 1-0

[Event "Anderssen Festival 2019"]
[Site "Wroclaw"]
[Date "2019.08.06"]
[Round "3.5"]
[White "Verwoert, Jef"]
[Black "Lugovskoy, Maxim"]
[Result "0-1"]
[ECO "A06"]
[WhiteElo "2034"]
[BlackElo "2425"]
[Annotator "NA"]
[PlyCount "99"]
[EventDate "2019.08.05"]
[EventType "swiss"]
[EventCountry "POL"]
[SourceTitle "playchess.com"]
[Source "ChessBase"]
[SourceQuality "1"]
[TimeControl "40/5400+30:900+30"]

1. Nf3 d5 2. g3 Nf6 3. Bg2 e6 4. c4 d4 5. O-O c5 6. d3 Nc6 7. e3 Bd6 8. exd4 cxd4 9. Bg5 O-O 10. Nbd2 e5 11. Ne4 Be7 12. Nxf6+ Bxf6 13. Bxf6 Qxf6 14. Nd2 Qg6 15. Be4 Qh6 16. a3 a5 17. Rb1 Kh8 18. b4 axb4 19. axb4 Ra2 20. f4 Bh3 21. b5 Nd8 22. Rf2 exf4 23. Rxf4 Ne6 24. Rf2 Ng5 25. Bxb7 Bg4 26. Qxg4 Nh3+ 27. Qxh3 Qxh3 28. Ne4 Rxf2 29. Nxf2 Qd7 30. Bg2 Rb8 31. b6 Qd6 32. b7 Qa3 33. Bd5 f5 34. Rb5 g5 35. c5 f4 36. c6 Qc1+ 37. Kg2 Qc2 38. Ra5 fxg3 39. hxg3 Rf8 40. Bf3 g4 41. Ra8 gxf3+ 42. Kh3 Qc5 43. g4 Qd6 44. c7 Qh6+ 45. Kg3 Qf4+ 46. Kh3 Qh6+ 47. Kg3 Qd6+ 48. Kh3 Qh6+ 49. Kg3 Qd6+ 50. Kh3 0-1

[Event "Anderssen Festival 2019"]
[Site "Wroclaw"]
[Date "2019.08.06"]
[Round "3.6"]
[White "Dytman, Radoslaw"]
[Black "Naumkin, Igor"]
[Result "0-1"]
[ECO "A05"]
[WhiteElo "1745"]
[BlackElo "2368"]
[Annotator "NA"]
[PlyCount "60"]
[EventDate "2019.08.05"]
[EventType "swiss"]
[EventCountry "POL"]
[SourceTitle "playchess.com"]
[Source "ChessBase"]
[SourceQuality "1"]
[TimeControl "40/5400+30:900+30"]

1. Nf3 Nf6 2. g3 d5 3. Bg2 c5 4. d3 Nc6 5. Nbd2 e5 6. O-O Be7 7. c3 O-O 8. Qc2 h6 9. e4 d4 10. c4 Ne8 11. a3 a5 12. Ne1 Ra6 13. f4 exf4 14. gxf4 f5 15. Ndf3 Nd6 16. Bd2 Be6 17. Rf2 fxe4 18. dxe4 Nxc4 19. Bf1 Ne3 20. Bxe3 dxe3 21. Rg2 Rxf4 22. Bxa6 bxa6 23. Qc3 Qf8 24. Qxe3 c4 25. Kh1 Bc5 26. Qc3 Rxe4 27. Rd1 Re3 28. Qc2 Ne5 29. Nxe5 Rxe5 30. Qg6 Bd5 0-1

[Event "Anderssen Festival 2019"]
[Site "Wroclaw"]
[Date "2019.08.06"]
[Round "3.7"]
[White "Skliarov, Viktor"]
[Black "Luberanski, Jakub"]
[Result "1/2-1/2"]
[ECO "B83"]
[WhiteElo "2360"]
[BlackElo "2010"]
[Annotator "NA"]
[PlyCount "72"]
[EventDate "2019.08.05"]
[EventType "swiss"]
[EventCountry "POL"]
[SourceTitle "playchess.com"]
[Source "ChessBase"]
[SourceQuality "1"]
[TimeControl "40/5400+30:900+30"]

1. e4 c5 2. Nf3 e6 3. d4 cxd4 4. Nxd4 Nf6 5. Nc3 d6 6. Be2 Be7 7. O-O O-O 8. Be3 Nc6 9. Kh1 Bd7 10. f4 a6 11. Qe1 b5 12. a3 Qb8 13. Bf3 Nxd4 14. Bxd4 e5 15. Nd5 Nxd5 16. exd5 exd4 17. Qxe7 Bf5 18. Rac1 Re8 19. Qg5 Be4 20. f5 Qd8 21. Qxd8 Raxd8 22. Rfd1 Bxf5 23. Rxd4 Bxc2 24. h3 Bf5 25. Rc6 Bc8 26. Rb6 Re1+ 27. Kh2 Kf8 28. Rd2 Rc1 29. Re2 Rc7 30. Rb8 f5 31. g4 Re8 32. Rxe8+ Kxe8 33. gxf5 Ke7 34. Bg4 Kf6 35. Rb6 Bxf5 36. Rxd6+ Ke5 1/2-1/2

[Event "Anderssen Festival 2019"]
[Site "Wroclaw"]
[Date "2019.08.06"]
[Round "3.9"]
[White "Eggink, Ryszard"]
[Black "Krawiec, Grzegorz"]
[Result "1-0"]
[ECO "B40"]
[WhiteElo "2377"]
[BlackElo "1816"]
[Annotator "NA"]
[PlyCount "45"]
[EventDate "2019.08.05"]
[EventType "swiss"]
[EventCountry "POL"]
[SourceTitle "playchess.com"]
[Source "ChessBase"]
[SourceQuality "1"]
[TimeControl "40/5400+30:900+30"]

1. e4 c5 2. Nf3 e6 3. Nc3 Nc6 4. Bb5 Qc7 5. O-O Nf6 6. Bxc6 Qxc6 7. e5 Nd5 8. Ne4 d6 9. d4 cxd4 10. Nxd4 Qb6 11. exd6 Bxd6 12. c4 Ne7 13. Be3 Qd8 14. Nb5 Bc7 15. Qg4 Be5 16. Rad1 Qa5 17. b4 f5 18. Ned6+ Kf8 19. Qh5 g6 20. Qh6+ Bg7 21. bxa5 Bxh6 22. Bxh6+ Kg8 23. Nc7 1-0

[Event "Anderssen Festival 2019"]
[Site "Wroclaw"]
[Date "2019.08.06"]
[Round "3.11"]
[White "Krawiecki, Stanislaw"]
[Black "Wieczorek, Zbigniew"]
[Result "1/2-1/2"]
[ECO "A40"]
[WhiteElo "1923"]
[BlackElo "2235"]
[Annotator "NA"]
[PlyCount "36"]
[EventDate "2019.08.05"]
[EventType "swiss"]
[EventCountry "POL"]
[SourceTitle "playchess.com"]
[Source "ChessBase"]
[SourceQuality "1"]
[TimeControl "40/5400+30:900+30"]

1. d4 g6 2. Bg5 Bg7 3. e3 c5 4. c3 Qb6 5. Qc2 d6 6. Bd3 Nc6 7. f4 Nf6 8. Bxf6 Bxf6 9. Nf3 cxd4 10. exd4 Bg4 11. Nbd2 Rc8 12. Qb3 Qc7 13. O-O O-O 14. h3 Be6 15. Qd1 Qb6 16. Ne4 Bg7 17. Qe2 Bf5 18. Kh1 Qc7 1/2-1/2

[Event "Anderssen Festival 2019"]
[Site "Wroclaw"]
[Date "2019.08.06"]
[Round "3.12"]
[White "Mitchell, Martin"]
[Black "Ochman, Sebastian"]
[Result "1-0"]
[ECO "A43"]
[WhiteElo "2218"]
[BlackElo "1789"]
[Annotator "NA"]
[PlyCount "111"]
[EventDate "2019.08.05"]
[EventType "swiss"]
[EventCountry "POL"]
[SourceTitle "playchess.com"]
[Source "ChessBase"]
[SourceQuality "1"]
[TimeControl "40/5400+30:900+30"]

1. d4 c5 2. d5 f5 3. c4 Nf6 4. Nc3 g6 5. Nh3 Bg7 6. Nf4 O-O 7. h4 e5 8. dxe6 dxe6 9. Qxd8 Rxd8 10. g3 Nc6 11. Bg2 Nb4 12. O-O e5 13. Nfd5 e4 14. Bg5 Kf7 15. Nxb4 cxb4 16. Nd5 Be6 17. f3 exf3 18. Bxf3 Rd7 19. Rad1 Bxd5 20. cxd5 Re8 21. d6 Ke6 22. Rd4 Rxd6 23. Rxb4 b6 24. Rc1 Red8 25. Rc7 R8d7 26. Rbc4 Nd5 27. Rxd7 Kxd7 28. b3 b5 29. Rc1 Be5 30. Kg2 Nc3 31. Rc2 b4 32. Be3 a6 33. Bc5 Rd1 34. Bxb4 Nd5 35. Rd2 Rxd2 36. Bxd2 Nc3 37. a3 Nb5 38. a4 Nd4 39. b4 Kc7 40. Kf2 Nc2 41. Bd5 Bd4+ 42. e3 Bf6 43. Bg8 h6 44. Bh7 Be7 45. Bxg6 Nxb4 46. Bxf5 Nd5 47. e4 Nb6 48. Bxh6 Nxa4 49. Bg7 Nc5 50. h5 Bg5 51. h6 Bxh6 52. Bxh6 a5 53. Ke3 Kc6 54. Bf8 a4 55. Bxc5 Kxc5 56. Be6 {[%emt 0:00:18] Kd4+} 1-0

[Event "Anderssen Festival 2019"]
[Site "Wroclaw"]
[Date "2019.08.06"]
[Round "3.13"]
[White "Seredyn, Dominik"]
[Black "Nguyen, Alex Dac-Vuong"]
[Result "0-1"]
[ECO "A05"]
[WhiteElo "1737"]
[BlackElo "2267"]
[Annotator "NA"]
[PlyCount "80"]
[EventDate "2019.08.05"]
[EventType "swiss"]
[EventCountry "POL"]
[SourceTitle "playchess.com"]
[Source "ChessBase"]
[SourceQuality "1"]
[TimeControl "40/5400+30:900+30"]

1. Nf3 Nf6 2. c4 g6 3. Nc3 Bg7 4. g3 O-O 5. Bg2 d6 6. O-O Nc6 7. d3 e5 8. Rb1 a5 9. a3 h6 10. b4 axb4 11. axb4 Be6 12. Ne1 d5 13. c5 Ne7 14. Nc2 d4 15. Ne4 Nfd5 16. Bb2 Qd7 17. e3 dxe3 18. fxe3 g5 19. d4 f5 20. Nf2 e4 21. Qd2 h5 22. Ra1 Nf6 23. Rxa8 Rxa8 24. Ra1 Rxa1+ 25. Nxa1 Qa4 26. Bf1 Kf7 27. Nd1 c6 28. Nc3 Qxb4 29. Nxe4 Qxd2 30. Nxd2 Bd5 31. Nc4 Ke6 32. Na5 Ng4 33. Bc1 f4 34. gxf4 gxf4 35. Bh3 Nf5 36. Bxg4 hxg4 37. Kf2 Bf6 38. Nxb7 Bh4+ 39. Ke2 Bc4+ 40. Kd1 f3 0-1

[Event "Anderssen Festival 2019"]
[Site "Wroclaw"]
[Date "2019.08.06"]
[Round "3.14"]
[White "Gluch, Pawel"]
[Black "Malecki, Rafal"]
[Result "0-1"]
[ECO "B00"]
[WhiteElo "1739"]
[BlackElo "2063"]
[Annotator "NA"]
[PlyCount "42"]
[EventDate "2019.08.05"]
[EventType "swiss"]
[EventCountry "POL"]
[SourceTitle "playchess.com"]
[Source "ChessBase"]
[SourceQuality "1"]
[TimeControl "40/5400+30:900+30"]

1. e4 d6 2. d4 g6 3. Nf3 Nf6 4. Nbd2 Bg7 5. Bc4 O-O 6. Qe2 Nc6 7. O-O Nh5 8. Nb3 Bg4 9. c3 e5 10. Be3 Kh8 11. h3 Bxf3 12. Qxf3 f5 13. exf5 Rxf5 14. Qe4 exd4 15. Nxd4 Nxd4 16. Bxd4 d5 17. Qe3 dxc4 18. g4 Bxd4 19. cxd4 Nf4 20. gxf5 Qg5+ 21. Kh1 Qg2# 0-1